[Event "Prague Festival Masters 2024"]
[Site "Prague"]
[Date "2024.02.27"]
[Round "1.1"]
[White "Bartel, Mateusz"]
[Black "Maghsoodloo, Parham"]
[Result "0-1"]
[ECO "B51"]
[WhiteElo "2657"]
[BlackElo "2740"]
[Annotator "TA"]
[PlyCount "68"]
[EventDate "2024.02.22"]
[EventType "tourn"]
[EventCountry "CZE"]
[SourceTitle "playchess.com"]
[Source "ChessBase"]
[SourceQuality "1"]
[TimeControl "40/5400+30:1800+30"]

1. e4 c5 2. Nf3 d6 3. Bb5+ Nd7 4. d4 cxd4 5. Qxd4 e5 6. Qd3 h6 7. Nc3 Ngf6 8. O-O a6 9. Bxd7+ Bxd7 10. Nd2 b5 {[%emt 0:00:33] The position is equal.} 11. a4 Rb8 12. Rd1 Qc7 13. Nf1 b4 14. Nd5 Nxd5 15. exd5 a5 16. Ne3 Be7 17. b3 O-O 18. Bb2 Bg5 19. Nc4 Bc8 20. c3 Ba6 21. cxb4 axb4 ({Don't play} 21... Rxb4 22. Ba3 $11) 22. g3 f5 23. h4 {[%emt 0:02:07] [#]} Bd8 24. Rac1 Qe7 25. Re1 {[%emt 0:06:22] [#]} (25. f4 $17 {might work better.}) 25... f4 $1 $19 26. Kg2 (26. Rc2 $142) 26... Bb6 27. Rc2 Qf6 28. Qf3 Rbc8 29. Re4 Qg6 30. g4 Rc5 31. h5 $2 (31. Bxe5 dxe5 32. Nxe5) 31... Qg5 {[%emt 0:00:14] Strongly threatening ...Bc8. Black is clearly winning.} 32. Qd1 f3+ 33. Kg1 Rf4 34. Rxf4 Qxf4 {[%emt 0:00:04] Weighted Error Value: White=0.51/Black=0.03 (flawless) .  Mistake:       	White=3     	---        Inaccurate:     	White=4     	---        OK:         	White=6     	Black=13     Best:        	White=2     	Black=4      Strong:       	---       	Black=1} 0-1

[Event "Prague Festival Masters 2024"]
[Site "Prague"]
[Date "2024.02.27"]
[Round "1.2"]
[White "Gukesh D"]
[Black "Rapport, Richard"]
[Result "1/2-1/2"]
[ECO "B67"]
[WhiteElo "2725"]
[BlackElo "2717"]
[Annotator "TA"]
[PlyCount "79"]
[EventDate "2024.02.22"]
[EventType "tourn"]
[EventCountry "CZE"]
[SourceTitle "playchess.com"]
[Source "ChessBase"]
[SourceQuality "1"]
[TimeControl "40/5400+30:1800+30"]

1. e4 c5 2. Nf3 d6 3. d4 cxd4 4. Nxd4 Nf6 5. Nc3 Nc6 6. Bg5 Bd7 7. Qd2 a6 8. O-O-O e6 9. f3 Nxd4 10. Qxd4 Be7 {[%emt 0:00:15] B67: Sicilian: Richter-Rauzer: 7...a6 8 0-0-0 Bd7, lines without 9 f4 Be7.} 11. Kb1 Qc7 12. Qd2 b5 13. h4 b4 14. Ne2 a5 15. c4 e5 16. Ng3 $146 ({Predecessor:} 16. g4 h5 17. Bxf6 Bxf6 18. g5 Be7 19. Ng3 g6 20. f4 Bg4 21. Rc1 exf4 22. Qxf4 {½-½ Lagunow,R (2396)-Kramer,J (2455) BL2-Nord 2122 2022 (6.2)}) 16... h6 17. Be3 (17. Bxf6 $14 gxf6 18. Nf5) 17... h5 18. Be2 g6 19. Nf1 Be6 20. Bf2 Qb7 21. Ne3 O-O 22. Bd3 Rfc8 23. Nd5 Bxd5 24. exd5 Bf8 25. g4 b3 (25... hxg4 $6 26. fxg4 Qd7 27. Rdg1 $16) 26. a3 $1 e4 {[%emt 0:00:15] [#]} (26... hxg4 $6 27. fxg4 e4 28. Be2 $18) (26... Bg7 $11) 27. Bd4 $1 $16 exd3 28. Bxf6 {[%emt 0:00:08] Strongly threatening gxh5.} Qa6 (28... Rxc4 $16 29. Qxd3 Qa6 (29... Rf4 $2 30. Bg5 $18)) 29. gxh5 $18 (29. Qxd3 Qxc4 30. gxh5 Qc2+ 31. Ka1 Bh6 $14) 29... Qxc4 30. Qxd3 (30. Qe3 $16 {Threatens to win with hxg6.} Qxd5 (30... Qc2+ 31. Ka1 $15) 31. hxg6 (31. Rxd3 Qxh5 32. Qg5 a4 $17)) 30... Qc2+ $1 $11 31. Ka1 Qxd3 32. Rxd3 a4 33. Rg1 Rc4 34. Bc3 Rxh4 35. hxg6 fxg6 36. Rxg6+ Kh7 $1 37. Rg1 {[%emt 0:00:45] Prevents Rh1} Bh6 {[%emt 0:00:19] Inhibits f4.} 38. Re1 Rf8 39. Re7+ Kg8 40. Re1 {[%emt 0:01:40] Repels Rh1} 1/2-1/2

[Event "Prague Festival Masters 2024"]
[Site "Prague"]
[Date "2024.02.27"]
[Round "1.3"]
[White "Abdusattorov, Nodirbek"]
[Black "Nguyen, Thai Dai Van"]
[Result "1-0"]
[ECO "E04"]
[WhiteElo "2727"]
[BlackElo "2632"]
[Annotator "TA"]
[PlyCount "81"]
[EventDate "2024.02.22"]
[EventType "tourn"]
[EventCountry "CZE"]
[SourceTitle "playchess.com"]
[Source "ChessBase"]
[SourceQuality "1"]
[TimeControl "40/5400+30:1800+30"]

1. d4 Nf6 2. c4 e6 3. Nf3 d5 4. g3 dxc4 5. Bg2 Bb4+ 6. Nbd2 b5 {[%emt 0:04:40] Inhibits Qa4.} 7. O-O Bb7 {[%emt 0:13:08] [#]} (7... O-O $11) 8. Nxc4 $1 $14 bxc4 {[%emt 0:00:24] White is slightly better.} 9. Qa4+ Nc6 {[%emt 0:00:06] Strongly threatening ...Qd7.} 10. Qb5 (10. Ne5 $5 Nd5 11. Nxc6 $14) 10... Rb8 {[%emt 0:10:16] Threatens to win with ...Qd5.} 11. Ne5 $1 O-O 12. Nxc6 Bxc6 13. Qxc6 Qxd4 14. Be3 Qxb2 15. Qxc4 Qc3 16. Rfc1 Qxc4 17. Rxc4 Ba5 18. Bxa7 Rb2 19. Bc5 Rfb8 20. Bf3 Nd7 21. Bd4 {[%emt 0:03:02] Dodges Ne5. This pair of bishops is nice.} Rb1+ 22. Rc1 Rxa1 23. Bxa1 f6 24. Bc6 Nf8 25. a4 Kf7 26. Bd4 Ng6 27. Bb5 Ne7 28. Kg2 Nf5 29. Ba7 Ra8 30. Bc5 Nd6 31. Bd3 g6 32. Rb1 f5 33. Bxd6 cxd6 {[%emt 0:00:01][%mdl 4096] Endgame. KRB-KRB} 34. Rb7+ Kf6 35. Rxh7 {[%emt 0:00:10] White is more active.} Bb6 36. Bb5 Ra7 (36... Rb8 $142) 37. Rxa7 $16 Bxa7 38. a5 {[%emt 0:00:06] Prevents Bb6} g5 39. h4 e5 (39... gxh4 {was necessary.} 40. gxh4 e5) 40. h5 $18 g4 41. Bd7 {[%emt 0:30:26] Weighted Error Value: White=0.04 (flawless) /Black=0.15 (very precise) .  Mistake:       	---       	Black=3      Inaccurate:     	White=1     	Black=3      OK:         	White=18    	Black=11     Best:        	White=4     	Black=1      Strong:       	White=1     	---} 1-0

[Event "Prague Festival Masters 2024"]
[Site "Prague"]
[Date "2024.02.27"]
[Round "1.4"]
[White "Vidit, Santosh Gujrathi"]
[Black "Navara, David"]
[Result "1/2-1/2"]
[ECO "C65"]
[WhiteElo "2742"]
[BlackElo "2679"]
[Annotator "TA"]
[PlyCount "178"]
[EventDate "2024.02.22"]
[EventType "tourn"]
[EventCountry "CZE"]
[SourceTitle "playchess.com"]
[Source "ChessBase"]
[SourceQuality "1"]
[TimeControl "40/5400+30:1800+30"]

1. e4 e5 2. Nf3 Nc6 3. Bb5 Nf6 4. d3 Bc5 5. Bg5 h6 6. Bh4 Ne7 7. d4 exd4 8. e5 Nfd5 9. O-O O-O 10. Nxd4 Bxd4 11. Qxd4 Nf5 12. Qxd5 Qxh4 13. Qc5 Qd8 14. Rd1 d6 15. exd6 Nxd6 16. Nc3 b6 17. Qe5 Bd7 18. a4 Re8 19. Qg3 Re6 20. a5 Rb8 21. axb6 axb6 22. Bd3 Bc6 23. Ne2 Re8 24. Nd4 Bd7 25. Nb5 Re6 26. Nxd6 Rxd6 27. Bc4 Ra8 28. Qf3 Rxa1 29. Rxa1 Qe7 30. Bd3 Bc6 31. Qf4 Re6 32. h4 Re1+ 33. Rxe1 Qxe1+ 34. Kh2 Qe7 35. b3 Qd6 36. Qxd6 cxd6 37. f4 Kf8 38. Kg3 Ke7 39. Kf2 f6 40. g3 g5 41. Ke3 gxh4 42. gxh4 Bd7 43. Kd4 Be6 44. Be4 Kd7 45. b4 Ke7 46. Bc6 Bh3 47. c3 Be6 48. Bd5 Bh3 49. Bg8 Bf5 50. Kc4 Kd7 51. Kd5 Bh3 52. Bh7 Be6+ 53. Ke4 Ke7 54. Bg6 Kd7 55. Ke3 Ke7 56. Kf3 Kf8 57. Bh5 Bd5+ 58. Ke3 Be6 59. Kf3 Bd5+ 60. Kg3 Ke7 61. Bg4 Bb3 62. Bf5 Bd5 63. Kf2 Kd8 64. Ke3 Ke7 65. Kd4 Bf7 66. Bc8 Kd8 67. Ba6 Ke7 68. Bc4 Bh5 69. Ke4 Bg6+ 70. Kd4 Bh5 71. Bg8 Kd7 72. Ke4 Bg6+ 73. Kd5 Bf5 74. Bf7 Bg4 75. Ke4 $1 Ke7 76. Bb3 Kd7 77. Bc4 Ke7 78. Kd4 Kd7 79. Bd3 Be6 80. f5 Bb3 81. Bb5+ Kc7 82. Bc4 Bc2 83. Be6 Kd8 84. Ke3 Ke7 85. Kf4 Bd3 86. Bd5 Bc2 87. Bc4 Kd7 88. Bd5 Ke7 89. Be6 Kd8 1/2-1/2

[Event "Prague Festival Masters 2024"]
[Site "Prague"]
[Date "2024.02.27"]
[Round "1.5"]
[White "Praggnanandhaa R"]
[Black "Keymer, Vincent"]
[Result "1-0"]
[ECO "C54"]
[WhiteElo "2743"]
[BlackElo "2743"]
[Annotator "TA"]
[PlyCount "81"]
[EventDate "2024.02.22"]
[EventType "tourn"]
[EventCountry "CZE"]
[SourceTitle "playchess.com"]
[Source "ChessBase"]
[SourceQuality "1"]
[TimeControl "40/5400+30:1800+30"]

1. e4 e5 2. Nf3 Nc6 3. Bc4 Nf6 4. d3 Bc5 5. O-O a6 6. c3 Ba7 7. a4 d6 8. Re1 O-O 9. h3 {[%emt 0:00:19] White has an edge.} Nh5 10. Bg5 Nf6 11. d4 h6 12. Bh4 g5 {[%emt 0:01:59] [#]} 13. Nxg5 hxg5 14. Bxg5 Kh7 $1 15. Qf3 Kg6 16. Bh4 {[%emt 0:01:04] Strongly threatening Qg3+.} exd4 17. Qg3+ Kh7 {[%emt 0:00:17] And now ...Ne5 would win.} 18. Bg5 Rh8 $1 19. Nd2 {[%emt 0:01:05] aiming for e5.} Qg8 {[%emt 0:41:18][%cal Oc6e5] ...Ne5! is the strong threat.} 20. e5 $1 Nh5 $1 (20... dxe5 21. Nf3 (21. cxd4 Nh5 $17) 21... Nh5 22. Qh4 $18) (20... Nxe5 $2 21. Rxe5 Nh5 (21... dxe5 22. Bd3+ e4 23. Nxe4 $18) 22. Qf3 dxe5 23. Qxh5+ Kg7 24. Qf3 $18) 21. Qh4 $40 {[%emt 0:05:17][%mdl 128] White has some attack.} Qg6 22. Bf6 Rg8 $1 23. Bd5 (23. Bd3 Bf5 24. Bxf5 Qxf5 $11) 23... Bf5 {[%emt 0:04:15] Threatens to win with ...dxc3.} (23... dxe5 24. Be4 Bf5 25. g4 $14) 24. Bf3 $1 {[%emt 0:05:53] [#]} Rae8 {[%emt 0:02:13] [#]} 25. g3 $1 $16 {[%emt 0:26:35] The board is on fire.} (25. Qxh5+ Qxh5 26. Bxh5 dxc3 27. bxc3 Bxh3 $11) 25... Kh6 {[%emt 0:03:33] [#] A mistake that costs the game.} (25... dxc3 $16 26. Ne4 Qxg3+ (26... cxb2 $2 27. Bxh5 Qh6 28. Ng5+ Rxg5 29. Bxg5 $18) 27. Nxg3 Rxg3+ 28. Bg2 Kh6) 26. g4 $1 $18 dxc3 27. bxc3 {[%emt 0:05:54] g5+ would now be deadly.} Nxe5 (27... Kh7 28. g5 Qh6 29. Bxh5 (29. Bg4 Bxg4 30. gxh6 Nxf6 $18) 29... Nxe5 30. Kh1 (30. Kh2 Bxf2 31. Qxf2 Qxh5 $18) 30... Bxf2 31. Qxf2 $18) 28. g5+ (28. Bxb7 $2 {is the wrong capture.} Bxg4 (28... Qxf6 29. Qxh5+ Kg7 30. Qxf5 $15) 29. hxg4 Nxg4 $19 (29... Qxf6 $2 30. Qxh5+ Kg7 31. Qf5 $19) (29... Qxf6 $2 30. Qxh5+ Kg7 31. Qf5 $19)) 28... Qxg5+ 29. Bxg5+ Rxg5+ 30. Kh2 {[%emt 0:03:53] Hoping for Rg1.} Ng6 $2 (30... Bg6) 31. Qxg5+ Kxg5 32. Rxe8 Nhf4 33. Bxb7 {[%emt 0:04:28] White is clearly winning.} a5 34. Ra8 Bb6 35. Nc4 Bxf2 36. Rxa5 d5 37. Rf1 Bb6 38. Nxb6 (38. Bxd5 Bxa5 39. Nxa5 Nxd5 $14) 38... cxb6 39. Rb5 Bxh3 {[%emt 0:00:33] [#]} 40. Rxf4 $1 Nxf4 41. Rxb6 {[%emt 0:30:03] Weighted Error Value: White=0.07 (flawless) /Black=0.34.  Mistake:       	---       	Black=3      Inaccurate:     	White=1     	---        OK:         	White=14    	Black=8      Best:        	White=2     	Black=4      Strong:       	White=4     	Black=4} 1-0

[Event "Prague Festival Masters 2024"]
[Site "Prague"]
[Date "2024.02.28"]
[Round "2.1"]
[White "Nguyen, Thai Dai Van"]
[Black "Gukesh D"]
[Result "0-1"]
[ECO "A13"]
[WhiteElo "2632"]
[BlackElo "2725"]
[Annotator "TA"]
[PlyCount "104"]
[EventDate "2024.02.22"]
[EventType "tourn"]
[EventCountry "CZE"]
[SourceTitle "playchess.com"]
[Source "ChessBase"]
[SourceQuality "1"]
[TimeControl "40/5400+30:1800+30"]

1. c4 e6 2. g3 d5 3. Bg2 d4 4. Nf3 c5 5. O-O Ne7 6. d3 Nec6 7. e3 Be7 8. Re1 {[%emt 0:14:25] The position is equal.} O-O 9. Na3 dxe3 10. Bxe3 e5 11. Qb3 ({Better is} 11. Nb5 $11) 11... Na6 $15 12. Rad1 Nab4 13. Nc2 Nxc2 14. Qxc2 Bg4 15. h3 Be6 16. Qc3 f6 17. Qa3 Nb4 18. Qb3 {[%emt 0:00:27][%cal Od3d4] Prevents Nc2.} Qc8 19. Kh2 Rb8 20. a3 Nc6 21. Nd2 Kh8 22. Qc2 Qd7 23. Ne4 b6 24. Nc3 Nd4 25. Bxd4 cxd4 26. Nd5 Bd6 27. b4 f5 28. Qe2 Rbe8 29. Rc1 Bb8 30. Kg1 Bf7 31. Qd2 Be6 (31... Bg8 $17) 32. Qd1 (32. Qe2 $1 $11) 32... Qf7 33. Rc2 {[%emt 0:00:24] [#]} ({White should play} 33. a4 $15) 33... b5 $1 $17 {[%emt 0:02:15][%cal Oe5e4][%mdl 512] ...e4! would now be deadly.} 34. Rce2 (34. a4 e4) 34... Rc8 35. Rxe5 Bxe5 36. Rxe5 bxc4 37. Nf4 Bd7 {[%emt 0:00:42] aiming for ...c3.} 38. dxc4 Rxc4 ({Black should try} 38... Qxc4 $15 39. Kh2 d3) 39. Bf1 (39. Kh2 $11) 39... Qf6 40. Rd5 Rc7 41. b5 Rfc8 42. Qxd4 (42. Qd2 $15) 42... Qxd4 43. Rxd4 Be8 44. Bd3 {[%emt 0:03:37] [#]} (44. Ng2 $17) 44... Rd7 $1 $19 45. Rb4 g6 46. a4 Rcd8 47. Bc4 (47. Bc2 {was called for.}) 47... Rd1+ 48. Kg2 {[%emt 0:00:20] [#]} R8d4 $1 {[%emt 0:00:15] ...Rc1 is the strong threat.} 49. Ne6 (49. Ne2 {was the only chance.}) 49... a5 {[%emt 0:02:53] Black has a decisive advantage.} 50. Nxd4 Rxd4 (50... axb4 51. Nb3 Rd8 52. Kf1 $15 (52. a5 $2 Rc8 $19)) 51. Rb1 Rxc4 52. Kf1 Kg7 {[%emt 0:01:01] Weighted Error Value: White=0.23 (precise) /Black=0.11 (very precise) .  Mistake:       	White=8     	Black=2      Inaccurate:     	White=2     	Black=4      OK:         	White=14    	Black=21     Best:        	White=1     	Black=2      Strong:       	---       	Black=1} (52... Rxa4 53. b6 Bc6 54. b7 Bxb7 55. Rxb7 $11) 0-1

[Event "Prague Festival Masters 2024"]
[Site "Prague"]
[Date "2024.02.28"]
[Round "2.2"]
[White "Rapport, Richard"]
[Black "Bartel, Mateusz"]
[Result "1/2-1/2"]
[ECO "C55"]
[WhiteElo "2717"]
[BlackElo "2657"]
[Annotator "TA"]
[PlyCount "74"]
[EventDate "2024.02.22"]
[EventType "tourn"]
[EventCountry "CZE"]
[SourceTitle "playchess.com"]
[Source "ChessBase"]
[SourceQuality "1"]
[TimeControl "40/5400+30:1800+30"]

1. e4 e5 2. Nf3 Nc6 3. Bc4 Nf6 4. d3 h6 5. O-O d6 6. a4 Be7 7. Nc3 a5 8. Re1 O-O {[%emt 0:04:27] The position is equal.} 9. h3 Be6 10. Nd5 Nb4 11. Nxf6+ Bxf6 12. Bxe6 fxe6 13. c3 Nc6 14. b4 axb4 15. cxb4 b5 (15... Nxb4 $11 16. Qb3 Na6) 16. Bd2 (16. Qb3 {seems wilder.} bxa4 17. Qxe6+ Kh7 18. Bd2) 16... bxa4 17. Rxa4 Qd7 18. Rxa8 Rxa8 19. Qb3 Nd8 20. Rc1 c6 21. Be3 Rb8 22. Qa3 Qb7 23. b5 {[%emt 0:02:30] [#] bxc6 is the strong threat.} c5 24. Rb1 $1 Nc6 25. Qb3 Qc8 26. Nd2 Nb4 27. Nc4 Qd7 28. Na3 Kh7 29. Bd2 d5 30. exd5 exd5 31. d4 exd4 32. Bxb4 cxb4 33. Qxb4 Qf5 {[%emt 0:01:47] Prevents Nc2.} 34. Rd1 Be5 35. Qb1 Qxb1 36. Nxb1 Rxb5 37. Nd2 Bf6 {[%emt 0:04:44] Weighted Error Value: White=0.09 (flawless) /Black=0.09 (flawless) .  Mistake:       	---       	Black=1      Inaccurate:     	White=3     	Black=2      OK:         	White=12    	Black=12     Best:        	---       	Black=1      Strong:       	White=1     	---} 1/2-1/2

[Event "Prague Festival Masters 2024"]
[Site "Prague"]
[Date "2024.02.28"]
[Round "2.3"]
[White "Vidit, Santosh Gujrathi"]
[Black "Abdusattorov, Nodirbek"]
[Result "1/2-1/2"]
[ECO "C48"]
[WhiteElo "2742"]
[BlackElo "2727"]
[Annotator "TA"]
[PlyCount "69"]
[EventDate "2024.02.22"]
[EventType "tourn"]
[EventCountry "CZE"]
[SourceTitle "playchess.com"]
[Source "ChessBase"]
[SourceQuality "1"]
[TimeControl "40/5400+30:1800+30"]

1. e4 e5 2. Nf3 Nf6 3. Nc3 Nc6 4. Bb5 Nd4 5. Bc4 Bc5 6. Nxe5 Qe7 7. Nf3 (7. Nxf7 d5 8. Nxh8 dxc4 $17) (7. Bxf7+ Kf8 8. Nd3 (8. f4 d6 $17) 8... Kxf7 $17) 7... d5 $1 8. Bxd5 Nxd5 {[%emt 0:02:38] White is slightly better.} 9. Nxd4 Nxc3 10. bxc3 Qxe4+ 11. Qe2 Qxe2+ 12. Kxe2 Bg4+ 13. f3 Bd7 14. d3 O-O-O 15. Be3 Rhe8 16. Kd2 Re7 {[%emt 0:01:54] [#]} 17. Nf5 $1 Re5 (17... Bxf5 18. Bxc5) 18. Bxc5 (18. Nxg7 $2 Bxe3+ 19. Kd1 Bh6 $19 (19... Rg8 $2 20. Re1 $19)) 18... Rxf5 19. Bd4 (19. Bxa7 $2 b6 20. Rhe1 Ra5 21. Bxb6 cxb6 $17) 19... h5 20. Rhe1 (20. Bxg7 Rg5 21. Bf6 Rxg2+ 22. Ke3 Re8+ 23. Kf4 Rxc2 $17) (20. Bxa7 $2 b6 21. Rhe1 Kb7 22. Bxb6 cxb6 $19) 20... h4 21. h3 {[%emt 0:00:27] White is more active.} (21. Bxg7 Rg8 22. Bd4 Rxg2+ 23. Re2 Rg6 $11) (21. Bxa7 $2 b6 22. Re3 Kb7 (22... Ra5 $2 23. Bxb6 cxb6 24. Re4 $19) 23. Bxb6 cxb6 $19 (23... Kxb6 $2 24. Rb1+ Ka7 25. Rbe1 $19)) 21... Rg5 22. Rg1 (22. Bxa7 $2 {perishes.} Rxg2+ 23. Kc1 b6 $19 (23... Bxh3 $2 24. Bd4 $19)) 22... Re8 23. c4 (23. Bxa7 $2 {is the wrong capture.} b6 24. a4 Ra5 25. Bxb6 cxb6 $19) 23... Re6 24. Be3 (24. Bxa7 $2 {too greedy.} b6 25. g4 Ra5 (25... hxg3 $2 26. f4 $19) 26. Bxb6 cxb6 $19 (26... Rxb6 $2 27. f4 $19)) 24... Ra5 25. a3 Rg6 26. c5 ({Better is} 26. Ke1 $14) 26... b6 $11 27. cxb6 axb6 {[%emt 0:00:19] The position is equal.} 28. c4 b5 29. Kc3 bxc4 30. dxc4 Re5 31. Kd4 Re8 {[%emt 0:01:30] [#] Threatens to win with ...Rd6+.} 32. Rae1 Bf5 33. Bf2 Rxe1 34. Bxe1 Bxh3 35. Bxh4 {[%emt 0:00:08] Weighted Error Value: White=0.06 (flawless) /Black=0.02 (flawless) .  Mistake:       	White=1     	---        Inaccurate:     	White=1     	Black=1      OK:         	White=12    	Black=16     Best:        	White=3     	---        Strong:       	---       	Black=1} 1/2-1/2

[Event "Prague Festival Masters 2024"]
[Site "Prague"]
[Date "2024.02.28"]
[Round "2.4"]
[White "Navara, David"]
[Black "Keymer, Vincent"]
[Result "1/2-1/2"]
[ECO "C90"]
[WhiteElo "2679"]
[BlackElo "2743"]
[Annotator "TA"]
[PlyCount "74"]
[EventDate "2024.02.22"]
[EventType "tourn"]
[EventCountry "CZE"]
[SourceTitle "playchess.com"]
[Source "ChessBase"]
[SourceQuality "1"]
[TimeControl "40/5400+30:1800+30"]

1. e4 e5 2. Nf3 Nc6 3. Bb5 a6 4. Ba4 Nf6 5. O-O Be7 6. d3 b5 7. Bb3 d6 8. a4 Bd7 9. c3 O-O 10. Bc2 h6 11. Re1 Re8 12. Nbd2 Bf8 13. h3 Rb8 14. axb5 axb5 15. Nf1 d5 16. exd5 Nxd5 17. Bb3 Nf6 18. Ng3 b4 19. Bd2 Bd6 20. Nh4 bxc3 21. bxc3 e4 22. dxe4 Bxg3 23. fxg3 g5 (23... Nxe4 24. Bxf7+ Kxf7 25. Rxe4 $16) 24. Nf3 Nxe4 25. g4 Nxd2 26. Nxd2 {[%emt 0:00:30] White wants to play Qc2.} Ne5 27. Ne4 {[%emt 0:01:18] Black must now prevent Rf1.} Bc6 {[%emt 0:02:11] Hoping for ...Nd3.} 28. Bd5 Bxd5 29. Qxd5 Qxd5 ({Wrong is} 29... Nf3+ $2 30. gxf3 Qxd5 31. Nf6+ Kg7 32. Nxd5 $18) 30. Nf6+ Kf8 31. Nxd5 c6 32. Nf6 {[%emt 0:00:15][%cal Oe1e5] [#] Rxe5! is the strong threat.} Re6 33. Rxe5 {[%emt 0:01:59] The position is equal.} Rxf6 (33... Rxe5 $2 {perishes.} 34. Nd7+ Ke7 35. Nxe5 $18 (35. Nxb8 Kd6 $18)) 34. Rf1 Rxf1+ 35. Kxf1 Rd8 36. Ke2 Rd6 37. Ke3 Kg7 {[%emt 0:00:57] A balanced but interesting game.   Weighted Error Value: White=0.06 (flawless) /Black=0.06 (flawless) .  Inaccurate:     	White=1     	Black=2      OK:         	White=8     	Black=13} 1/2-1/2

[Event "Prague Festival Masters 2024"]
[Site "Prague"]
[Date "2024.02.28"]
[Round "2.5"]
[White "Maghsoodloo, Parham"]
[Black "Praggnanandhaa R"]
[Result "1-0"]
[ECO "D00"]
[WhiteElo "2740"]
[BlackElo "2743"]
[Annotator "TA"]
[PlyCount "75"]
[EventDate "2024.02.22"]
[EventType "tourn"]
[EventCountry "CZE"]
[SourceTitle "playchess.com"]
[Source "ChessBase"]
[SourceQuality "1"]
[TimeControl "40/5400+30:1800+30"]

1. d4 Nf6 2. Bf4 d5 3. e3 Bf5 4. c4 e6 5. Qb3 Nbd7 6. Nc3 {[%emt 0:09:21] D00: 1 d4 d5: Unusual lines.} dxc4 7. Bxc4 Nb6 8. Be2 a5 $146 ({Predecessor:} 8... c6 9. Nf3 Be7 10. O-O O-O 11. Rac1 h6 12. h3 a5 13. a3 a4 14. Qd1 Nfd5 {0-1 So,W (2752)-Caruana,F (2795) Saint Louis Blitz 2023 (10)}) 9. a3 c6 10. Bg5 Be7 11. f3 (11. Nf3 $142) 11... a4 $11 12. Qd1 Nfd7 13. Bxe7 Qxe7 14. e4 Bg6 15. Nh3 O-O 16. O-O f6 17. f4 e5 18. dxe5 fxe5 19. f5 Bf7 20. Qe1 Nc5 21. Qg3 Bc4 22. Rae1 Rad8 23. Nf2 Bxe2 24. Rxe2 Nc4 25. Ng4 Kh8 26. Rf3 Rd4 27. h3 b5 28. f6 gxf6 29. Ref2 Nd7 (29... Nxe4 $6 30. Nxe4 Rxe4 31. Rxf6 $11) (29... Rd6 $1 $17) 30. Nh6 $11 Nd2 31. Re3 $1 Qe6 32. Qh4 Nc5 33. Rf5 (33. Nf5 $14 Qf7 34. Rg3 (34. Nxd4 exd4 35. Rxd2 dxe3 $11) 34... Ndxe4 35. Nxd4 (35. Rg7 Qxg7 36. Nxg7 Nxf2 $15) 35... Nxg3 (35... Nxf2 $2 36. Nf5 $18) 36. Nxc6) 33... b4 (33... Qe7 $11) 34. axb4 $14 Rxb4 35. Qg4 Rbb8 (35... Rxb2 $2 36. Rg3 Rb7 37. Rxf6 Qxg4 (37... Qxf6 38. Qg8+ Rxg8 39. Rxg8#) 38. Rxf8+ (38. Rxg4 Rbb8 $18) 38... Kg7 39. Rg8+ (39. Rxg4+ Kxf8 40. Rg8+ Ke7 $17) 39... Kf6 40. Nxg4+ $18 (40. hxg4 Ke6 $18)) 36. Rg3 Qd7 (36... Rxb2 37. Qg7#) (36... Qe7 $1 $11) 37. Kh1 (37. Qh4 $16 Qe6 38. Rf2 (38. Qg4 Qe7 $14)) 37... Ne6 $2 ({And not} 37... Rxb2 38. Qg8+ Rxg8 39. Rxg8#) (37... Nc4 $11) 38. Rxf6 ({Stronger than} 38. Nxa4 Qg7 39. Qh4 Ng5 $15) 1-0

[Event "Prague Festival Masters 2024"]
[Site "Prague"]
[Date "2024.02.29"]
[Round "3.1"]
[White "Praggnanandhaa R"]
[Black "Rapport, Richard"]
[Result "0-1"]
[ECO "E71"]
[WhiteElo "2743"]
[BlackElo "2717"]
[Annotator "TA"]
[PlyCount "66"]
[EventDate "2024.02.22"]
[EventType "tourn"]
[EventCountry "CZE"]
[SourceTitle "playchess.com"]
[Source "ChessBase"]
[SourceQuality "1"]
[TimeControl "40/5400+30:1800+30"]

1. d4 Nf6 2. c4 g6 3. Nc3 Bg7 4. e4 d6 5. h3 O-O 6. Be3 Nc6 7. d5 Ne5 8. f4 Ned7 {[%emt 0:00:04] White is slightly better.} 9. Nge2 c6 10. Ng3 Ne8 11. Be2 e6 12. dxe6 fxe6 13. h4 Bf6 $1 14. Bd3 Nc5 15. Bc2 {[%emt 0:03:35][%cal Oe4e5] And now e5! would win.} Qa5 (15... Ng7 $142) 16. Qd2 $16 Qb4 (16... Bxc3 $16 17. bxc3 e5) 17. O-O-O $18 Qxc4 18. h5 b5 $2 (18... Bxc3 {keeps fighting.} 19. Qxc3 (19. bxc3 Qxa2 20. Bxc5 dxc5 $18) 19... Qxc3 20. bxc3 gxh5 21. Bxc5 (21. Rxh5 Nd7 $18) (21. Nxh5 b6 $18) 21... dxc5 22. Nxh5 Ng7 23. Nxg7 Kxg7) 19. e5 dxe5 (19... b4 $142 20. Qe2 (20. Nce4 b3 $14) 20... Qxe2 21. Ncxe2 b3) 20. Bxc5 Qxc5 21. Nge4 (21. hxg6 exf4 22. Rxh7 (22. gxh7+ Kh8 $14) 22... b4 $18) 21... Qe7 22. Nxf6+ (22. hxg6 exf4 23. Nxf6+ (23. gxh7+ Kh8 $16) (23. Qxf4 Bxc3 24. Qh6 hxg6 $18) (23. Rxh7 Bg7 $18) 23... Nxf6 24. Qxf4 (24. gxh7+ Kh8 $16) 24... Qg7 $18) 22... Qxf6 23. g3 {[%emt 0:04:10] Threatens to win with hxg6.} exf4 (23... g5 $142 24. fxg5 Qg7) 24. hxg6 fxg3 25. g7 (25. gxh7+ Kh8 $14) (25. Rxh7 Qf4 $14) 25... Rf7 26. Rxh7 (26. Bxh7+ Kxg7 27. Rdg1 Qf4 $11) 26... e5 27. Rh8+ Kxg7 28. Rxe8 Qf4 29. Rh1 $2 (29. Qxf4 $18 exf4 30. Rdd8) 29... Qxd2+ $11 30. Kxd2 {[%emt 0:00:17] Intending Rh7+ and mate.} Rf2+ 31. Ke3 $1 {[%emt 0:01:54] Threatening mate with Rh7+.} Rxc2 32. Rhh8 $2 {[%emt 0:00:43][%mdl 8192] [#]} (32. Rxe5 $15 Rh2 (32... Rxb2 33. Rg5+ Kf8 34. Rh8+ Ke7 35. Ne4 $18) 33. Rg1) 32... Be6 $1 $19 {[%emt 0:00:17][%mdl 512] ( -> ...g2)} 33. Rxa8 (33. Ne2 Rxe8) 33... g2 {[%emt 0:00:05] Weighted Error Value: White=0.94/Black=0.43.  Loses game:     	White=1     	---        Mistake:       	---       	Black=5      Inaccurate:     	White=1     	Black=2      OK:         	White=8     	Black=5      Best:        	White=3     	Black=3      Strong:       	White=1     	Black=1      Brilliant:      	---       	Black=1} 0-1